 Dungeon Crawl Stone Soup version 0.29-a0-620-g13ace881f2 (webtiles) character file.

Game seed: 3841579422494261805

1048 CrazyBamboolord the Cutter (level 8, 0/40 (49) HPs)
             Began as a Kobold Fighter on June 18, 2022.
             Was a Believer of Uskayaw.
             Slain by a wight
             ... wielding a +2 trident of freezing
              (4 damage)
             ... on level 6 of the Dungeon.
             The game lasted 00:11:37 (7812 turns).

CrazyBamboolord the Cutter (Kobold Fighter)         Turns: 7812, Time: 00:11:39

HP:   0/40 (49)     AC:  8    Str: 13    XL:     8   Next: 50%
MP:   10/10         EV: 12    Int:  9    God:    Uskayaw [**....]
Gold: 278           SH:  6    Dex: 17    Spells: 7/7 levels left

rFire   . . .      SeeInvis .   a - +0 rapier (venom)
rCold   . . .      Faith    .   c - +0 buckler
rNeg    + . .      Spirit   .   b - +0 scale mail
rPois   .          Reflect  .   (no helmet)
rElec   .          Harm     .   (no cloak)
rCorr   .          Rampage  .   f - +0 pair of gloves
Will    .....                   (no boots)
Stlth   ++........              e - amulet of magic regeneration
HPRegen 0.13/turn               m - ring of positive energy
MPRegen 0.52/turn               (no ring)

@: heavily drained
A: small, no large weapons, nightstalker 3
a: Renounce Religion, Stomp, Line Pass


You were on level 6 of the Dungeon.
You worshipped Uskayaw.
Uskayaw was noncommittal.
You visited 1 branch of the dungeon, and saw 6 of its levels.
You also visited: Ossuary.

You collected 278 gold pieces.

Inventory:

Hand Weapons
 a - a +0 rapier of venom (weapon)
 h - a +4 dagger
 x - the +9 whip of Duty {vorpal, Dex+5}
   (You found it on level 4 of the Dungeon)

   It inflicts extra damage upon your enemies.
   Dex:       It affects your dexterity (+5).
Missiles
 r - a boomerang of dispersal (quivered)
 u - 2 throwing nets
Armour
 b - a +0 scale mail (worn)
 c - a +0 buckler (worn)
 f - a +0 pair of gloves (worn)
Jewellery
 e - an amulet of magic regeneration (around neck)
 m - a ring of positive energy (left hand)
 D - a ring of fire
Wands
 l - a wand of flame (17)
 C - a wand of mindburst (15)
Scrolls
 i - 2 scrolls of fear
 j - 3 scrolls of teleportation
 k - a scroll of vulnerability
 n - a scroll of acquirement {unknown}
 o - a scroll of summoning
 y - 6 scrolls of noise
 z - a scroll of amnesia {unknown}
 E - a scroll of enchant weapon {unknown}
 F - a scroll of immolation {unknown}
 H - a scroll of enchant armour {unknown}
Potions
 d - 4 potions of might
 g - 2 potions of flight
 p - a potion of brilliance {unknown}
 q - a potion of resistance
 s - 7 potions of degeneration
 t - 2 potions of haste {unknown}
 w - 6 potions of heal wounds
 A - a potion of cancellation {unknown}
 B - 6 potions of curing {unknown}
 G - a potion of attraction {unknown}


   Skills:
 * Level 5.3 Fighting
 * Level 6.9 Short Blades
 + Level 3.9 Armour
 * Level 3.7 Dodging
 + Level 3.7 Stealth
 + Level 3.3 Shields
 * Level 2.6 Invocations


You had 7 spell levels left.
You didn't know any spells.
Your spell library contained the following spells:

 Spells                   Type           Power      Damage    Failure   Level
 Magic Dart               Conj           0%         1d3       95%         1
 Searing Ray              Conj           0%         2d4       99%         2
 Fulminant Prism          Conj/Hex       0%         3d6       100%        4


Dungeon Overview and Level Annotations

Branches:
Dungeon (6/15)            Ossuary (visited)
 Temple: D:4-7

Altars:
Cheibriados
Gozag
Okawaru
Uskayaw
Wu Jian

Shops:
D:5 *


Innate Abilities, Weirdness & Mutations

You are small and have problems with some larger weapons.
You are completely attuned to the shadows.


Message History

There is a stone staircase leading up here.
The wight hits you with a +4 halberd. You partially resist.
You feel drained. The wight closely misses you.
The wight completely misses you.
There is a stone staircase leading up here.
The wight misses you. x2
You barely miss the wight. The wight completely misses you.
The wight closely misses you.
You closely miss the wight. The wight hits you with a +4 halberd!
You partially resist.
You feel drained. The wight barely misses you.
You hit the wight.
The wight is moderately damaged.
The wight hits you with a +4 halberd. The wight closely misses you.
You barely miss the wight.
The wight is moderately damaged.
You block the wight's attack. x2
You hit the wight.
The wight is heavily damaged.
The wight closely misses you. The wight barely misses you.
You hit the wight.
The wight is severely damaged.
The wight hits you with a +4 halberd. You partially resist.
You feel drained.
The wight hits you from afar with a +2 trident of freezing.
The wight freezes you.
You can now pass through a line of other dancers.
You completely miss the wight.
The wight is severely damaged.
The wight barely misses you. The wight misses you.
You hit the wight.
The wight is almost destroyed.
The wight closely misses you.
The wight hits you from afar with a +2 trident of freezing!
You partially resist.
You feel drained. The wight freezes you.
You hit the wight but do no damage.
The wight is almost destroyed.
The wight hits you with a +4 halberd.
The wight hits you from afar with a +2 trident of freezing!
* * * LOW HITPOINT WARNING * * *
You partially resist.
You feel drained. The wight freezes you.
You die...

,* #.###+##,*********,,,**,*,,
** #......#,,,,,,**,,,,,<*,***
#......#*****,**,*,*,,*,*
#......# *,**,*,****,* **
#......#####*,,*,*,,,,*,* ,*
#......z...#**,*,*,**,*,* ,*
####..#.##z# *,*,*,,,,*,* ,*
#..#$##z# *,*,*,,,,*,* ,*
*##.#.##@# *,*,*,****,* ,*
*,....#<.# *,*,*,* *,* ,*
*,*>,,####**,*,*,* *,*
*********+*,,,,,,,,,,*,*,****,*
*,,,,,,,,,,,,**,,,,,**,*,,,,,,*
*,,,,,,,,,,,,**,,,,,,,,********
*,,,,,,,,,,,,,,,,,,,,,,*
*,,,,,,,,,,,***,,,,,,,**
*,,,,,,,,,,,* *,,,,,,,*


You could see 2 wights.

Vanquished Creatures
  2 centaurs
  An ogre (D:5)
  A scorpion (D:5)
  2 wights (D:6)
  A howler monkey (D:6)
  A centaur zombie (Ossuary)
  2 hounds (D:5)
  A human zombie (Ossuary)
  2 jellies (D:5)
  2 orc wizards
  2 iguanas
  4 mummies (Ossuary)
  8 adders
  3 gnolls (D:6)
  4 shadow imps (D:4)
  2 white imps
  5 worms
  4 dart slugs
  14 orcs
  11 ball pythons
  A bat (D:2)
  7 endoplasms
  9 goblins
  4 hobgoblins
  9 jackals
  3 quokkas
  11 frilled lizards
  3 goblin zombies (Ossuary)
  A hobgoblin zombie (Ossuary)
  4 kobolds
  2 orc zombies (Ossuary)
  6 rats
132 creatures vanquished.

Vanquished Creatures (others)
  5 demonic plants (D:4)
  9 plants (D:4)
14 creatures vanquished.

Grand Total: 146 creatures vanquished

Notes
Turn   | Place    | Note
-------+----------+-------------------------------------------
     0 | D:1      | CrazyBamboolord the Kobold Fighter began the quest for the
                  | Orb.
     0 | D:1      | Reached XP level 1. HP: 14/14 MP: 1/1
   379 | D:1      | Found a faded altar of an unknown god.
   520 | D:1      | Reached XP level 2. HP: 18/19 MP: 2/2
   570 | D:1      | Reached skill level 1 in Dodging
  1071 | D:1      | Reached skill level 3 in Short Blades
  1323 | D:2      | Reached XP level 3. HP: 20/24 MP: 3/3
  1409 | D:1      | Reached XP level 4. HP: 8/29 MP: 4/4
  1706 | D:2      | Reached skill level 1 in Stealth
  2399 | D:2      | Reached XP level 5. HP: 33/33 MP: 5/5
  2502 | D:3      | Reached skill level 4 in Short Blades
  2602 | D:3      | Found a hide-covered altar of Uskayaw.
  2619 | D:3      | Became a worshipper of Uskayaw the Reveller
  2966 | D:3      | Found an opulent altar of Gozag.
  3007 | D:3      | Reached * piety under Uskayaw
  3096 | D:3      | Found an iron altar of Okawaru.
  3210 | D:3      | Found an ornate altar of the Wu Jian Council.
  3480 | D:4      | Reached ** piety under Uskayaw
  4057 | D:4      | Identified the +9 whip of Duty {vorpal, Dex+5}
  4088 | D:4      | Reached XP level 6. HP: 39/39 MP: 6/6
  4115 | D:4      | Found a snail-covered altar of Cheibriados.
  4806 | D:5      | Entered Level 5 of the Dungeon
  5052 | D:5      | Reached skill level 5 in Short Blades
  5355 | D:5      | Identified the +1 robe "Amimot" {Harm SInv}
  5427 | D:5      | Reached skill level 1 in Invocations
  5427 | D:5      | Reached XP level 7. HP: 44/44 MP: 7/7
  5869 | D:5      | Found Zehuitzim's Assorted Antiques.
  5941 | D:5      | Reached *** piety under Uskayaw
  6028 | D:5      | Reached skill level 5 in Fighting
  6028 | D:5      | Reached skill level 6 in Short Blades
  6594 | D:6      | Reached XP level 8. HP: 35/49 MP: 9/9
  6643 | D:6      | Found a sand-covered staircase.
  6649 | Ossuary  | Entered an ossuary
  7812 | D:6      | Slain by a wight

Illustrated notes

Levels and vault maps discovered:
D:1:      minmay_arrival_nine_rooms, layout_basic,
          dreamdust_ecumenical_altar_angels_and_demons
D:2:      layout_rooms
D:3:      layout_basic, pdpol_wu_jian_five_deadly_venoms, lemuel_doored_altar,
          mainiacjoe_overflow_tiny_flanked, old_standard_altar,
          minmay_shallow_snake_nest
D:4:      layout_rooms, cheibrodos_worm_habitat, serial_demonic,
          serial_demonic_g, serial_demonic_d, serial_demonic_c,
          serial_demonic_g, serial_demonic_b, minivault_25, minmay_lizard_king
D:5:      layout_basic, nicolae_overflow_hidden_temple, serial_shops,
          nicolae_take_the_stairs, hangedman_decor_riveting,
          dreamdust_mushroom_princess, minmay_increasing_density
D:6:      layout_basic, nicolae_ossuary_entry_plus

Skill      XL: |  1  2  3  4  5  6  7 |
---------------+----------------------+-----
Dodging        | 1 2 3 |  3.7
Short Blades   | 3 4 5 6 |  6.9
Fighting       | 4 5 |  5.3
Stealth        | 1 2 3 |  3.7
Armour         | 3 |  3.9
Shields        | 3 |  3.3
Invocations    | 1 2 |  2.6

Action                   |  1- 3 |  4- 6 |  7- 9 || total
-------------------------+-------+-------+-------++-------
Melee: Rapier            |    33 |       |   115 ||   148
       Dagger            |    32 |   285 |    53 ||   370
Invok: Line Pass         |       |     2 |     1 ||     3
       Stomp             |       |       |     2 ||     2
  Use: Scroll            |       |     3 |     6 ||     9
       Potion            |       |     2 |       ||     2
 Stab: Sleeping          |     2 |     7 |     8 ||    17
       Paralysed         |       |       |     2 ||     2
       Confused          |       |       |     1 ||     1
Armor: Scale mail        |    17 |    81 |    44 ||   142
       Skin              |       |     3 |       ||     3
Dodge: Dodged            |    24 |   115 |    78 ||   217
Block: Buckler           |     6 |    83 |    33 ||   122

Table legend: (Time is in decaauts)
 A = Elapsed time spent in this place.
 B = Non-inter-level travel time spent in this place.
 C = Inter-level travel time spent in this place.
 D = Time resting spent in this place.
 E = Time spent auto-exploring this place.
 F = Levels seen in this place.
 G = Mean time per level.
                   A        B        C        D        E       F      G
               +--------+--------+--------+--------+--------+-----+--------+
         Total |   7768 |   7516 |    252 |   1920 |   4381 |   7 | 1109.7 |
       Dungeon |   6974 |   6722 |    252 |   1378 |   4381 |   6 | 1162.3 |
       Ossuary |    794 |    794 |      0 |    542 |      0 |   1 |  794.0 |
               +--------+--------+--------+--------+--------+-----+--------+

Top non-repeatable levels by time:
     D:5: 1757 daAuts
     D:1: 1559 daAuts
     D:3: 1225 daAuts
     D:4: 1148 daAuts
     D:2: 854 daAuts
 Ossuary: 794 daAuts
     D:6: 428 daAuts
